 Dungeon Crawl Stone Soup version 0.28-a0-863-g8cecda6153 (webtiles) character file.

Game seed: 15156503810004894967

14 demibob the Twirler (level 2, 0/22 HPs)
             Began as a Demonspawn Gladiator on Nov 19, 2021.
             Slain by an orc wizard (2 damage)
             ... on level 2 of the Dungeon.
             The game lasted 00:00:59 (394 turns).

demibob the Twirler (Demonspawn Gladiator)           Turns: 394, Time: 00:01:00

Health: 0/22       AC:  4    Str: 14    XL:     2   Next: 31%
Magic:  2/2        EV: 12    Int:  9    God:
Gold:   23         SH:  0    Dex: 14    Spells: 1/1 levels left

rFire   . . .      SeeInvis .   a - +0 quarterstaff
rCold   . . .      Faith    .   (shield currently unavailable)
rNeg    . . .      Spirit   .   b - +0 leather armour
rPois   .          Reflect  .   c - +0 helmet
rElec   .          Harm     .   (no cloak)
rCorr   .          Rampage  .   (no gloves)
Will    .....                   (no boots)
Stlth   +.........              (no amulet)
HPRegen 0.07/turn               (no ring)
MPRegen 0.08/turn               (no ring)

@: flying
A: demonic guardian 1
a: no special abilities


You were on level 2 of the Dungeon.
You visited 1 branch of the dungeon, and saw 2 of its levels.

You collected 23 gold pieces.


Innate Abilities, Weirdness & Mutations

A weak demonic guardian rushes to your aid.


   Skills:
 - Level 2.0 Fighting
 + Level 3.4 Staves
 - Level 1.7 Throwing
 - Level 2.6 Dodging


You had one spell level left.
You didn't know any spells.
Your spell library contained the following spells:

 Spells                   Type           Power      Damage    Failure   Level
 Blink                    Tloc           0%         N/A       61%         2
 Lesser Beckoning         Tloc           0%         N/A       83%         3
 Manifold Assault         Tloc           0%         N/A       100%        5

Inventory:

Hand Weapons
 a - a +0 quarterstaff (weapon)
Missiles
 d - 3 throwing nets (quivered) {=f}
Armour
 b - a +0 leather armour (worn)
 c - a +0 helmet (worn)

Dungeon Overview and Level Annotations

Branches:
Dungeon (1/15)

Altars:

#.............
#.............
#............#
#............#
#......†.....#
#............#
#####.........
#5######## #@#
#o#


ooK ..... ....... #........ #......... ####....... You could see an orc wizard
(ally target), 2 orcs, a kobold and a friendly shadow imp (summoned).


Message History

The quokka bites you but does no damage.
You closely miss the quokka.
You hear some strange, mumbled words.
You are confused.
The quokka closely misses you.
Your shadow imp hits the quokka.
You closely miss the quokka.
The quokka is almost dead.
The quokka misses you. Something hits you but does no damage.
The kobold throws a stone.
Your shadow imp closely misses the quokka.
Something hits you.
* * * LOW HITPOINT WARNING * * *
The quokka closely misses you.
You completely miss the quokka.
The quokka is almost dead.
The kobold throws a stone.
The stone misses you.
The quokka bites you but does no damage.
Your shadow imp hits the quokka.
The quokka dies!
Something hits you but does no damage.
You bump into the rock wall.
The kobold throws a stone.
Something hits you but does no damage. Something hits you but does no damage.
Something hits you but does no damage.
An orc wizard appears from thin air!
Reactivating autopickup.
The orc wizard barely misses you.
You feel less confused.
The orc wizard hits you with a +0 dagger.
You die...

Skill      XL: |  1 |
---------------+----+-----
Staves         | 3 |  3.4
Fighting       | |  2.0
Throwing       | |  1.7
Dodging        | |  2.6

Action                   || total
-------------------------++-------
Melee: Quarterstaff      ||    39
  Use: Potion            ||     1
 Stab: Sleeping          ||     2
Armor: Leather armour    ||    22
Dodge: Dodged            ||    28

Levels and vault maps discovered:
D:1:      minmay_arrival_stair_chambers, layout_basic, serial_rivers,
          chequers_serial_rivers_micro_b, chequers_serial_rivers_large_b,
          chequers_serial_rivers_small_a, chequers_serial_rivers_room_b
D:2:      layout_basic, minmay_heptomino_l4, uniq_sigmund

Notes
Turn   | Place    | Note
-------+----------+-------------------------------------------
     0 | D:1      | demibob the Demonspawn Gladiator began the quest for the
                  | Orb.
     0 | D:1      | Reached XP level 1. HP: 16/16 MP: 1/1
    38 | D:1      | Reached skill level 3 in Staves
   356 | D:1      | You fall into a shaft and drop 1 floor!
   365 | D:2      | Noticed an orc wizard
   374 | D:2      | Gained mutation: A weak demonic guardian rushes to your
                  | aid. [demonic ancestry]
   374 | D:2      | Reached XP level 2. HP: 10/22 MP: 2/2
   388 | D:2      | HP: 2/22 [something (2)]
   394 | D:2      | Slain by an orc wizard

Vanquished Creatures
  A worm (D:2)
  An orc (D:2)
  3 bats
  A goblin (D:1)
  2 quokkas (D:1)
  A ball python (D:2)
9 creatures vanquished.

Vanquished Creatures (collateral kills)
  A quokka (D:2)
1 creature vanquished.

Grand Total: 10 creatures vanquished

Table legend: (Time is in decaauts)
 A = Elapsed time spent in this place.
 B = Non-inter-level travel time spent in this place.
 C = Inter-level travel time spent in this place.
 D = Time resting spent in this place.
 E = Time spent auto-exploring this place.
 F = Levels seen in this place.
 G = Mean time per level.
                   A        B        C        D        E       F      G
               +--------+--------+--------+--------+--------+-----+--------+
         Total |    401 |    401 |      0 |    181 |    145 |   2 |  200.5 |
       Dungeon |    401 |    401 |      0 |    181 |    145 |   2 |  200.5 |
               +--------+--------+--------+--------+--------+-----+--------+

Top non-repeatable levels by time:
     D:1: 361 daAuts
     D:2: 40 daAuts

Table legend:
 A = Non-vault XP
 B = Vault XP
 C = Vault XP percentage of total XP
 D = Non-vault monster count
 E = Vault monster count
 F = Vault count percentage of total count
                 A         B        C        D         E       F
            +---------+---------+-------+---------+---------+-------
      Total |      21 |       0 |   0.0 |      10 |       0 |   0.0
            +---------+---------+-------+---------+---------+-------
        D:1 |       9 |       0 |   0.0 |       5 |       0 |   0.0
        D:2 |      12 |       0 |   0.0 |       5 |       0 |   0.0
            +---------+---------+-------+---------+---------+-------
